 Dungeon Crawl Stone Soup version 0.29-a0-231-g945431f764 (webtiles) character file.

Game seed: 10627421371115052672

48 testman the Shooter (level 3, 0/33 HPs)
             Began as a Minotaur Hunter on Feb 28, 2022.
             Killed from afar by Ijyb (14 damage)
             ... with a bolt of acid
             ... on level 3 of the Dungeon.
             The game lasted 00:03:38 (1804 turns).

testman the Shooter (Minotaur Hunter)               Turns: 1804, Time: 00:03:40

Health: 0/33       AC:  5    Str: 16    XL:     3   Next: 50%
Magic:  2/2        EV: 12    Int:  8    God:
Gold:   67         SH:  0    Dex: 12    Spells: 2/2 levels left

rFire   . . .      SeeInvis .   a - +1 shortbow
rCold   . . .      Faith    .   (shield currently unavailable)
rNeg    . . .      Spirit   .   b - +0 leather armour
rPois   .          Reflect  .   d - +2 hat
rElec   .          Harm     .   (no cloak)
rCorr   +          Rampage  .   (no gloves)
Will    .....                   (no boots)
Stlth   +.........              (no amulet)
HPRegen 0.11/turn               f - ring of resist corrosion
MPRegen 0.08/turn               (no ring)

@: no status effects
A: horns 2, retaliatory headbutt
a: no special abilities


You were on level 3 of the Dungeon.
You visited 1 branch of the dungeon, and saw 3 of its levels.

You collected 67 gold pieces.

Inventory:

Hand Weapons
 a - a +1 shortbow (weapon)
Armour
 b - a +0 leather armour (worn)
 d - a +2 hat (worn)
Jewellery
 f - a ring of resist corrosion (left hand)
Scrolls
 c - 2 scrolls of teleportation {unknown}
 g - a scroll of noise {unknown}
Potions
 e - 2 potions of might {unknown}
 h - a potion of flight {unknown}


   Skills:
 + Level 3.8 Fighting
 + Level 5.1 Bows
 - Level 2.1 Dodging
 - Level 0.7 Stealth


You had 2 spell levels left.
You didn't know any spells.
Your spell library contained the following spells:

 Spells                   Type           Power      Damage    Failure   Level
 Animate Skeleton         Necr           0%         N/A       47%         1
 Orb of Destruction       Conj           0%         9d5       100%        7
 Borgnjor's Revivificati  Necr           0%         N/A       100%        8
 Necromutation            Tmut/Necr      0%         N/A       100%        8
 Chain Lightning          Conj/Air       0%         N/A       100%        9
 Death's Door             Necr           0%         N/A       100%        9


Dungeon Overview and Level Annotations

Branches:
Dungeon (3/15)

Altars:

Shops:
D:2 :

Annotations:
D:3 2 transporters, AlmostDecent's ghost, weakling TeHu; Ijyb


Innate Abilities, Weirdness & Mutations

You have a pair of horns on your head.
You reflexively headbutt those who attack you in melee.


Message History

You see here a +0 leather armour.
Found a transporter.
Found a scythe.
Found 23 stones.
There is a transporter landing site here.
You see here 23 stones.
You open the door.
Ijyb, a giant cockroach and a quokka come into view.
Ijyb is wielding a +0 club, wearing a +2 chain mail of willpower and carrying a wand of acid (9).
Ijyb shouts!
You shoot an arrow.
The arrow closely misses the giant cockroach.
The arrow hits the quokka!
You kill the quokka!
The giant cockroach closely misses you. You furiously retaliate!
You headbutt the giant cockroach!
You kill the giant cockroach!
Ijyb screams, "Me stronger than you!"
Ijyb zaps a wand.
The bolt of acid misses you.
You shoot an arrow. The arrow hits Ijyb but does no damage.
You shoot an arrow. The arrow closely misses Ijyb.
You shoot an arrow. The arrow hits Ijyb but does no damage.
Ijyb zaps a wand.
The bolt of acid hits you. You resist.
You shoot an arrow. The arrow closely misses Ijyb.
You shoot an arrow. The arrow hits Ijyb but does no damage.
Ijyb zaps a wand.
The bolt of acid hits you! You resist.
You shoot an arrow. The arrow closely misses Ijyb.
Ijyb zaps a wand.
The bolt of acid misses you.
You shoot an arrow. The arrow hits Ijyb.
Ijyb is lightly wounded.
Ijyb hits you with a +0 club. x2
You are too injured to fight recklessly!
Shoot: a) +1 shortbow
Press: ? - help, Q - select action Shift-Dir - straight line, f/p - Ijyb
Aim: Ijyb, wielding a +0 club, wearing a +2 chain mail of willpower and carrying a wand of acid (5) (lightly wounded, 62% to hit)
You shoot an arrow. The arrow hits Ijyb but does no damage.
Ijyb is lightly wounded.
Ijyb screams, "Me kill you!"
Ijyb zaps a wand.
The bolt of acid hits you! You resist.
You die...

. .. ... ... .... ....
..... #########....
......#####............
.....†g@..............
......####.........#
..... #....<....# ####
##........#
########........###
#.................#
#.................#
#..#############..###
#.(#...........#..##.


You could see Ijyb.

Vanquished Creatures
  2 adders (D:2)
  A worm (D:2)
  A dart slug (D:2)
  2 bats (D:2)
  4 endoplasms
  2 giant cockroaches
  3 goblins
  A hobgoblin (D:1)
  A quokka (D:3)
  A ball python (D:1)
  3 kobolds
  A rat (D:1)
22 creatures vanquished.

Notes
Turn   | Place    | Note
-------+----------+-------------------------------------------
     0 | D:1      | testman the Minotaur Hunter began the quest for the Orb.
     0 | D:1      | Reached XP level 1. HP: 18/18 MP: 0/0
   153 | D:1      | Got the Volume of Damaging Evil Arts
   748 | D:2      | Reached XP level 2. HP: 26/26 MP: 1/1
   983 | D:2      | Reached skill level 5 in Bows
   983 | D:2      | Reached XP level 3. HP: 31/31 MP: 2/2
  1147 | D:2      | Found Zobb's Book Shoppe.
  1698 | D:3      | Found a transporter.
  1701 | D:3      | Noticed AlmostDecent's ghost (weakling TeHu)
  1770 | D:3      | Noticed a wight
  1771 | D:3      | Found a transporter.
  1795 | D:3      | Noticed Ijyb
  1804 | D:3      | Killed from afar by Ijyb

Illustrated notes

Levels and vault maps discovered:
D:1:      denvon_arrival_waterhouse, layout_loops_cross
D:2:      layout_basic, serial_shops, nicolae_shop_trees, serial_park_tiny_2,
          amethyst_killhole
D:3:      layout_basic, nicolae_gozag_zags_fifth_avenue,
          nicolae_ru_the_path_less_chosen, gammafunk_ghost_mausoleum,
          serial_shops, nicolae_shop_crystal, uniq_ijyb

Skill      XL: |  1  2 |
---------------+-------+-----
Fighting       | 3 |  3.8
Bows           | 5 |  5.1
Dodging        | |  2.1
Stealth        | |  0.7

Action                   || total
-------------------------++-------
 Fire: Shortbow          ||    75
Armor: Leather armour    ||     9
Dodge: Dodged            ||    13

Table legend: (Time is in decaauts)
 A = Elapsed time spent in this place.
 B = Non-inter-level travel time spent in this place.
 C = Inter-level travel time spent in this place.
 D = Time resting spent in this place.
 E = Time spent auto-exploring this place.
 F = Levels seen in this place.
 G = Mean time per level.
                   A        B        C        D        E       F      G
               +--------+--------+--------+--------+--------+-----+--------+
         Total |   1823 |   1750 |     73 |      0 |   1578 |   3 |  607.7 |
       Dungeon |   1823 |   1750 |     73 |      0 |   1578 |   3 |  607.7 |
               +--------+--------+--------+--------+--------+-----+--------+

Top non-repeatable levels by time:
     D:2: 1011 daAuts
     D:1: 698 daAuts
     D:3: 113 daAuts
